 Dungeon Crawl Stone Soup version 0.28.0-47-ge53b351184 (webtiles) character file.

Game seed: 1159232344899973911

79 GigaChad the Firebug (level 4, 0/35 HPs)
             Began as a Draconian Fire Elementalist on Apr 26, 2022.
             Slain by an iguana (12 damage)
             ... on level 4 of the Dungeon.
             The game lasted 00:05:09 (1416 turns).

GigaChad the Firebug (Draconian Fire Elementalist)  Turns: 1416, Time: 00:05:10

Health: 0/35       AC:  5    Str: 16    XL:     4   Next: 16%
Magic:  6/7        EV: 12    Int: 16    God:
Gold:   45         SH:  0    Dex: 13    Spells: 6/7 levels left

rFire   . . .      SeeInvis .   e - +0 war axe
rCold   . . .      Faith    .   (no shield)
rNeg    . . .      Spirit   .   (armour unavailable)
rPois   .          Reflect  .   (helmet restricted)
rElec   .          Harm     .   (no cloak)
rCorr   .          Rampage  .   (no gloves)
Will    .....                   (no boots)
Stlth   ++........              (no amulet)
HPRegen 0.11/turn               f - +6 ring of strength
MPRegen 0.10/turn               (no ring)

@: no status effects
A: AC +5, unfitting armour, cold-blooded
a: no special abilities


You were on level 4 of the Dungeon.
You visited 1 branch of the dungeon, and saw 3 of its levels.

You collected 45 gold pieces.

Inventory:

Hand Weapons
 d - a +2 short sword of venom
 e - a +0 war axe (weapon)
 j - a +0 falchion
Missiles
 b - a throwing net
 h - 11 bolts
Jewellery
 f - a +6 ring of strength (left hand)
Scrolls
 g - 2 scrolls of enchant armour {unknown}
 i - a scroll of identify
 k - a scroll of noise {unknown}
Potions
 a - a potion of magic
 c - 2 potions of might {unknown}


   Skills:
 + Level 1.1 Fighting
 + Level 1.4 Short Blades
 + Level 0.7 Axes
 + Level 2.5 Dodging
 + Level 2.0 Stealth
 + Level 0.2 Unarmed Combat
 + Level 2.2 Spellcasting
 + Level 1.1 Conjurations
 + Level 3.4 Fire Magic


You had 6 spell levels left.
You knew the following spells:

 Your Spells              Type           Power      Damage    Failure   Level
a - Foxfire               Conj/Fire      36%        2x1d5     8%          1

Your spell library contained the following spells:

 Spells                   Type           Power      Damage    Failure   Level
 Scorch                   Fire           24%        2d6       8%          2
 Conjure Flame            Conj/Fire      9%         6-21      24%         3
 Inner Flame              Hex/Fire       7%         N/A       30%         3
 Flame Wave               Conj/Fire      9%         2d5       61%         4


Dungeon Overview and Level Annotations

Branches:
Dungeon (2/15)

Altars:


Innate Abilities, Weirdness & Mutations

Your plain brown scales are hard. (AC +5)
You cannot fit into any form of body armour.
You are cold-blooded and may be slowed by cold attacks.


Message History

The centaur skeleton is lightly damaged.
You barely miss the iguana. You hit the centaur skeleton.
The foxfire hits the centaur skeleton.
The centaur skeleton is moderately damaged.
The iguana bites you! The centaur skeleton hits you.
The centaur skeleton kicks you but does no damage.
You hit the iguana.
The iguana is lightly wounded.
You slash the centaur skeleton!
The centaur skeleton closely misses you.
The centaur skeleton kicks you but does no damage.
The iguana bites you. The centaur skeleton barely misses you.
The centaur skeleton kicks you but does no damage.
The iguana misses you.
You closely miss the iguana.
The iguana is lightly wounded.
You slash the centaur skeleton!
The centaur skeleton barely misses you. x2
The iguana bites you but does no damage.
The centaur skeleton hits you but does no damage.
The centaur skeleton kicks you.
You barely miss the iguana. You tail-slap the iguana.
The iguana is heavily wounded.
You hit the centaur skeleton. The centaur skeleton barely misses you.
The centaur skeleton kicks you. The iguana closely misses you.
The centaur skeleton barely misses you.
The centaur skeleton closely misses you.
The iguana barely misses you.
You closely miss the iguana.
The iguana is heavily wounded.
You hit the centaur skeleton.
You destroy the centaur skeleton!
The iguana bites you but does no damage.
Your Fighting skill increases to level 1!
Your Stealth skill increases to level 2!
You have reached level 4!
You feel clever.
You barely miss the iguana.
The iguana is heavily wounded.
The iguana bites you!
You die...

#### ... #.# ..
#.# .## #.#
##.###.#
#.@.##.#
#.l.##.#
#...#..#
##.#...######
#...##.#......#
#Z...
#...####.#
..?#...#.#.##
#.# ### ..
#####.#.# #.#
.. #.#.# #.#


You could see an iguana.

Vanquished Creatures
  A centaur skeleton (D:4)
  An adder (D:2)
  A worm (D:4)
  8 orcs (D:4)
  3 giant cockroaches (D:1)
  A goblin (D:4)
  A hobgoblin (D:2)
  3 kobolds
  A quokka (D:1)
  3 ball pythons
  3 bats
  3 rats (D:1)
29 creatures vanquished.

Vanquished Creatures (others)
  24 foxfires
24 creatures vanquished.

Grand Total: 53 creatures vanquished

Notes
Turn   | Place    | Note
-------+----------+-------------------------------------------
     0 | D:1      | GigaChad the Draconian Fire Elementalist began the quest
                  | for the Orb.
     0 | D:1      | Reached XP level 1. HP: 14/14 MP: 3/3
   311 | D:1      | Reached XP level 2. HP: 20/20 MP: 3/5
  1102 | D:2      | You fall into a shaft and drop 2 floors!
  1122 | D:4      | Reached XP level 3. HP: 23/27 MP: 6/6
  1368 | D:4      | Reached skill level 1 in Short Blades
  1416 | D:4      | Reached skill level 1 in Fighting
  1416 | D:4      | Reached XP level 4. HP: 12/35 MP: 5/7
  1416 | D:4      | Slain by an iguana

Illustrated notes

Levels and vault maps discovered:
D:1:      dpeg_arrival_leaves_temple_mockup, layout_loops_ring
D:2:      layout_rooms, serial_forest, infiniplex_forest_lined_room_2,
          infiniplex_forest_clump_small, infiniplex_forest_clump_C,
          infiniplex_forest_clump_diagonal, infiniplex_forest_straight_1,
          infiniplex_forest_zigzag_1, infiniplex_forest_clump_large,
          infiniplex_forest_zigzag_1, infiniplex_forest_straight_2,
          shapermc_ecumenical_altar_rom_forum
D:4:      nicolae_cairo_tiling, layout_loops_ring,
          mainiacjoe_overflow_surrounded_room

Skill      XL: |  1  2  3 |
---------------+----------+-----
Dodging        | 2 |  2.5
Short Blades   | 1 |  1.4
Fighting       | 1 |  1.1
Stealth        | 2 |  2.0
Axes           | |  0.7
Unarmed Combat | |  0.2
Spellcasting   | |  2.2
Conjurations   | |  1.1
Fire Magic     | |  3.4

Action                   |  1- 3 |  4- 6 || total
-------------------------+-------+-------++-------
Melee: Unarmed           |     9 |       ||     9
       Tailslap          |    11 |       ||    11
       Short sword       |    27 |       ||    27
       War axe           |    22 |     1 ||    23
 Cast: Foxfire           |    19 |       ||    19
  Use: Scroll            |     1 |       ||     1
 Stab: Distracted        |     1 |       ||     1
Armor: Skin              |    41 |       ||    41
Dodge: Dodged            |    87 |       ||    87
